Map: Ultralove

Players

IIIIIIIIIIII

  • Race: Protoss Protoss
  • Spawn Location: 1:00

wootwoot - Winner!

  • Race: Terran Terran
  • League: Platinum
  • Spawn Location: 7:00

VOD

Have the link to the VOD?

Description

Time

  • Played on: April 1, 2025, 10:10 p.m.
  • Length: 3:16
Show
View Real Time Build Order
Export as new Build Order

IIIIIIIIIIII Protoss 

Build Orders: 1 Gate Expand 

Get SALT Encoding   

  12  0:04  Probe  
  13  0:16  Probe  
  13  0:17  Pylon  
  14  0:27  Probe  
  15  0:35  Probe  
  15  0:36  Gateway  
  16  0:43  Probe  
  16  0:49  Assimilator  
  17  0:58  Probe  
  18  1:10  Probe  
  19  1:29  Nexus  
  19  1:39  Probe  
  20  1:40  Cybernetics Core  
  20  1:51  Probe  
  20  1:52  Pylon  
  21  1:59  Assimilator  
  21  2:07  Pylon  
  21  2:08  Stalker  
  23  2:29  Stalker  
  23  2:33  Probe  
  24  2:45  Probe  
  24  2:46  Shield Battery  
  25  2:51  Shield Battery, Probe  
  25  2:57  Probe  
Show
View Real Time Build Order
Export as new Build Order

wootwoot Terran - Winner!

Build Orders:  

Get SALT Encoding   

  12  0:00  SCV  
  13  0:12  SCV  
  14  0:18  Supply Depot  
  14  0:25  SCV  
  15  0:31  Refinery  
  15  0:40  SCV  
  16  0:50  Barracks  
  16  0:55  SCV  
  17  1:11  Barracks  
  17  1:26  Barracks  
  17  1:33  Refinery  
  17  1:38  Reaper  
  18  1:58  Reaper  
  19  2:05  Orbital Command  
  19  2:10  Reaper  
  19  2:12  Reaper  
  21  2:19  Supply Depot  
  21  2:30  Reaper  
  21  2:33  SCV  
  23  2:42  Reaper  
  24  2:45  SCV  
  26  2:55  Supply Depot  
  26  2:57  SCV  
Tags
 
League
Platinum
Matchup
PvT
Replay Pack
B2M-Replays
Spawn Locations
Cross Positions
Add a new tag
Caveats
  • Supply blocks, unpowered buildings, or Contaminate may cause inaccurate times.
  • Supply counts are checked every 10 seconds.